 Dungeon Crawl Stone Soup version 0.30-a0-737-gf23d94013f (webtiles) character file.

Game seed: 6138752862166655059

176 retardedninja the Trooper (level 5, -2/34 HPs)
             Began as a Gargoyle Fighter on Feb 1, 2023.
             Slain by a gnoll
             ... wielding a +0 flail
              (8 damage)
             ... on level 4 of the Dungeon.
             The game lasted 00:03:02 (2096 turns).

retardedninja the Trooper (Gargoyle Fighter)        Turns: 2096, Time: 00:03:02

Health: -2/34      AC: 11    Str: 22    XL:     5   Next: 56%
Magic:  5/5        EV:  9    Int:  8    God:
Gold:   149        SH:  4    Dex:  9    Spells: 4/4 levels left

rFire   . . .      SeeInvis .    a - +0 flail
rCold   . . .      Faith    .    c - +0 buckler
rNeg    + . .      Spirit   .    b - +0 scale mail
rPois   ∞          Reflect  .    (no helmet)
rElec   +          Harm     .    (no cloak)
rCorr   .          Rampage  .    (no gloves)
Will    .....                    (no boots) Stlth
                                 (no amulet)
HPRegen 0.25/turn                (no ring)
MPRegen 0.09/turn                (no ring)

@: mighty, about to teleport, attractive, hasted, very quick
A: sickness immunity, AC +4, negative energy resistance 1, electricity
resistance, torment resistance 1, petrification resistance
a: no special abilities


You were on level 4 of the Dungeon.
You visited 1 branch of the dungeon, and saw 4 of its levels.

You collected 149 gold pieces.

Inventory:

Hand Weapons
 a - a +0 flail (weapon)
Armour
 b - a +0 scale mail (worn)
 c - a +0 buckler (worn)
Jewellery
 e - a ring of positive energy
 g - a ring of magical power
 r - a ring of protection from cold
Wands
 n - a wand of iceblast (9)
Scrolls
 f - a scroll of fear {unknown}
 i - 2 scrolls of teleportation
 k - a scroll of fog {unknown}
 l - a scroll of enchant armour {unknown}
 o - 3 scrolls of amnesia {unknown}
 q - a scroll of poison {unknown}
Potions
 j - a potion of haste
 p - a potion of mutation


   Skills:
 * Level 4.6 Fighting
 * Level 3.4 Maces & Flails
 + Level 4.1 Armour
 + Level 4.1 Shields


You had 4 spell levels left.
You didn't know any spells.
Your spell library was empty.

Dungeon Overview and Level Annotations

Branches:
Dungeon (4/15)
 Temple: D:4-7

Altars:
Yredelemnul

Shops:
D:1 ?


Innate Abilities, Weirdness & Mutations

You are immune to sickness and miasma.
Your stone body is resilient. (AC +4)
You are immune to poison.
You resist negative energy. (rN+)
You are resistant to electric shocks. (rElec)
You are resistant to unholy torment.
You are immune to petrification.


Message History

You thump the scorpion!
You kill the scorpion!
You block the kobold's attack.
Your Armour skill increases to level 4!
Your Shields skill increases to level 4!
You have reached level 5!
You closely miss something. The orc hits you but does no damage.
The kobold barely misses you. The orc barely misses you.
Something hits you but does no damage.
You bludgeon something!!
Reactivating autopickup.
You feel a bit more experienced. The kobold barely misses you.
The orc closely misses you.
You hit the orc.
The orc is severely wounded.
The orc hits you with a +2 short sword of speed.
You barely miss the orc.
The orc is severely wounded.
The kobold misses you. The gnoll hits you with a +0 flail.
The orc hits you but does no damage. You block the gnoll's attack.
The orc hits you but does no damage.
You bludgeon the orc!!
You kill the orc!
The kobold closely misses you. The gnoll barely misses you.
The gnoll hits you from afar with a +0 halberd.
The orc hits you but does no damage. The gnoll hits you but does no damage.
The gnoll hits you from afar with a +0 halberd!
* * * LOW HITPOINT WARNING * * *
You block the kobold's attack. The orc barely misses you.
Items here: )) [ ††.
The gnoll hits you with a +0 flail.
* * * LOW HITPOINT WARNING * * *
The gnoll barely misses you. The orc barely misses you.
It was a potion of attraction.
You feel attractive to monsters.
As you read the scroll of teleportation, it crumbles to dust.
You feel strangely unstable. The orc completely misses you.
The kobold barely misses you. The gnoll hits you with a +0 flail!
You die...

....... ... .........
... .......... ....
........... .....
..........#####..#.. ...
............@og.....
...............oKg......
..............)..†......
..............####......
..............# ......
...#######...### ......
...##..........# .....
...............# #....
...#.............. ....


You could see 2 gnolls, 2 orcs and a kobold.

Vanquished Creatures
  A scorpion (D:4)
  An orc wizard (D:4)
  4 adders
  A worm (D:2)
  A dart slug (D:2)
  3 orcs
  3 endoplasms
  2 giant cockroaches
  8 goblins
  6 hobgoblins
  3 kobolds
  3 quokkas (D:3)
  2 ball pythons
  2 bats (D:1)
  3 frilled lizards (D:3)
  A rat (D:3)
44 creatures vanquished.

Notes
Turn   | Place    | Note
-------+----------+-------------------------------------------
     0 | D:1      | retardedninja the Gargoyle Fighter began the quest for the
                  | Orb.
     0 | D:1      | Reached XP level 1. HP: 14/14 MP: 1/1
    32 | D:1      | Found Gimuafro's Magic Scroll Shoppe.
    89 | D:1      | Found a faded altar of an unknown god.
   232 | D:1      | Reached XP level 2. HP: 18/19 MP: 2/2
   504 | D:2      | Found a basalt altar of Yredelemnul.
   716 | D:2      | Reached XP level 3. HP: 23/24 MP: 3/3
  1386 | D:3      | Reached XP level 4. HP: 20/29 MP: 4/4
  2072 | D:4      | Noticed a scorpion
  2087 | D:4      | Killed a scorpion
  2088 | D:4      | Reached XP level 5. HP: 25/34 MP: 5/5
  2096 | D:4      | Slain by a gnoll

Illustrated notes

Levels and vault maps discovered:
D:1:      dpeg_arrival_tiny_j, layout_rooms, basic_ecumenical_altar,
          serial_shops, nicolae_shop_crystal, minmay_indecisive_spiral
D:2:      layout_loops_ring, basic_altar
D:3:      layout_loops_corners, grunt_ministairs_8, st_stairs_5
D:4:      layout_basic, lemuel_doored_altar, grunt_decor_resistance

Skill      XL: |  1  2  3  4 |
---------------+-------------+-----
Fighting       | 4 |  4.6
Maces & Flails | 3 |  3.4
Armour         | 4 |  4.1
Shields        | 4 |  4.1

Action                     |  1- 3 |  4- 6 || total
---------------------------+-------+-------++-------
  Melee: Flail             |   134 |    53 ||   187
    Use: Scroll            |       |     5 ||     5
         Potion            |       |     4 ||     4
 Armour: Scale mail        |    73 |    42 ||   115
  Dodge: Dodged            |    78 |    32 ||   110
  Block: Buckler           |    30 |    15 ||    45

Table legend: (Time is in decaauts)
 A = Elapsed time spent in this place.
 B = Non-inter-level travel time spent in this place.
 C = Inter-level travel time spent in this place.
 D = Time resting spent in this place.
 E = Time spent auto-exploring this place.
 F = Levels seen in this place.
 G = Mean time per level.
                   A        B        C        D        E       F      G
               +--------+--------+--------+--------+--------+-----+--------+
         Total |   2148 |   2048 |    100 |      0 |   1613 |   4 |  537.0 |
       Dungeon |   2148 |   2048 |    100 |      0 |   1613 |   4 |  537.0 |
               +--------+--------+--------+--------+--------+-----+--------+

Top non-repeatable levels by time:
     D:3: 943 daAuts
     D:2: 640 daAuts
     D:1: 517 daAuts
     D:4: 47 daAuts
